Map: Glittering Ashes LE

Players

Kaynen - Winner!

  • Race: Zerg Zerg
  • League: Gold
  • Spawn Location: 7:00

Tebz

  • Race: Terran Terran
  • League: Gold
  • Spawn Location: 1:00

VOD

Have the link to the VOD?

Description

Decent Reaper defense into flood

Time

  • Played on: July 9, 2022, 9:07 p.m.
  • Length: 12:53
Show
View Real Time Build Order
Export as new Build Order

Kaynen Zerg - Winner!

Build Orders: Hatch First 

Get SALT Encoding   

  12  0:00  Drone  
  13  0:12  Overlord  
  13  0:17  Drone  
  14  0:31  Drone x2  
  14  0:34  Drone  
  17  0:52  Hatchery  
  17  0:56  Drone  
  17  0:59  Drone  
  17  1:02  Extractor  
  17  1:15  Spawning Pool  
  17  1:17  Drone  
  17  1:20  Drone  
  18  1:28  Drone  
  19  1:39  Overlord  
  19  1:54  Drone  
  20  2:02  Queen  
  20  2:04  Queen  
  20  2:05  Zergling x4  
  26  2:09  Metabolic Boost  
  26  2:13  Drone  
  27  2:16  Drone  
  27  2:22  Drone  
  29  2:30  Overlord  
  29  2:36  Drone  
  30  2:48  Roach Warren  
  30  2:50  Drone x3  
  32  3:01  Drone x2  
  34  3:08  Drone  
  34  3:09  Evolution Chamber  
  34  3:20  Overlord  
  34  3:22  Drone x4  
  34  3:23  Hatchery  
  37  3:27  Extractor  
  37  3:28  Drone x2  
  38  3:41  Zergling x8  
  38  3:47  Drone  
  42  3:53  Zerg Missile Weapons Level 1  
  42  3:56  Drone x2  
  44  4:03  Queen  
  44  4:06  Lair  
  44  4:09  Drone x3  
  49  4:19  Spore Crawler, Extractor  
  49  4:21  Spore Crawler  
  46  4:26  Zergling x6  
  48  4:47  Drone x3  
  48  4:48  Drone x3  
  54  4:56  Zergling x4  
  55  5:03  Drone  
  55  5:04  Drone  
  57  5:12  Overlord x5  
  57  5:15  Glial Reconstitution  
  57  5:21  Baneling Nest  
  56  5:25  Evolution Chamber  
  56  5:26  Drone x2  
  57  5:28  Overlord x3  
  57  5:32  Pneumatized Carapace  
  57  5:33  Roach x2  
  57  5:35  Roach  
  63  5:38  Roach  
  65  5:48  Overseer  
  65  5:53  Queen  
  65  5:54  Drone x6  
  65  5:56  Drone  
  74  6:10  Spore Crawler  
  73  6:16  Hatchery  
  73  6:17  Spire  
  71  6:20  Drone x2  
  71  6:21  Drone, Extractor  
  73  6:35  Drone x9  
  73  6:36  Drone  
  83  6:43  Extractor  
  83  6:44  Extractor  
  81  6:50  Overseer  
  81  6:54  Baneling  
  81  6:55  Baneling x12  
  81  6:56  Centrifugal Hooks  
  81  6:59  Zerg Melee Weapons Level 1  
  81  7:22  Zergling x12  
  87  7:24  Baneling  
  87  7:27  Baneling x5  
  87  7:28  Zergling x8  
  87  7:29  Zergling x16  
  99  7:31  Ravager x3  
  102  7:44  Zerg Ground Armor Level 1  
  102  7:49  Drone x4  
  102  7:50  Drone x4  
  110  8:03  Spore Crawler  
  110  8:04  Queen x4  
  117  8:07  Roach  
  117  8:09  Overlord x4  
  118  8:24  Zergling x2  
  118  8:25  Zergling x2  
  119  8:27  Overlord x3  
  119  8:30  Baneling x16  
  119  8:59  Spore Crawler  
  107  9:04  Roach  
  107  9:05  Roach x14  
  107  9:06  Hatchery  
  116  9:15  Roach x6  
  119  9:22  Zergling x12  
  125  9:27  Drone  
  126  9:33  Ravager x2  
  126  9:34  Ravager x8  
  126  9:35  Zergling x10  
  141  9:51  Zergling x2  
  141  9:52  Zergling x24  
  154  9:54  Baneling  
  154  9:55  Baneling x4  
  154  10:14  Baneling x6  
  154  10:23  Mutalisk  
  154  10:24  Mutalisk x4  
  147  10:59  Zergling x30  
  147  11:00  Zergling x10  
  167  11:15  Baneling x3  
  167  11:19  Baneling x14  
  167  11:21  Zergling x2  
  167  11:22  Zergling x12  
  138  12:02  Zergling x42  
Show
View Real Time Build Order
Export as new Build Order

Tebz Terran 

Build Orders:  

Get SALT Encoding   

  12  0:01  SCV  
  14  0:14  SCV  
  14  0:18  Supply Depot  
  14  0:26  SCV  
  15  0:40  SCV  
  16  0:44  Barracks  
  16  0:47  Refinery  
  16  0:52  SCV  
  18  1:04  SCV  
  18  1:06  Barracks  
  18  1:16  SCV  
  19  1:24  Supply Depot  
  19  1:30  Orbital Command  
  19  1:34  Reaper  
  20  1:44  Refinery  
  20  1:54  Reaper, Supply Depot  
  21  1:58  SCV  
  22  2:10  Reaper  
  24  2:15  SCV  
  24  2:27  SCV  
  25  2:31  Reaper  
  25  2:32  Command Center  
  26  2:39  SCV  
  27  2:48  Barracks Tech Lab  
  27  2:52  SCV  
  28  3:01  Supply Depot  
  28  3:04  SCV, Barracks Reactor  
  29  3:16  SCV  
  30  3:20  Factory  
  30  3:28  SCV  
  31  3:40  SCV  
  31  3:45  SCV  
  32  3:52  SCV  
  31  3:58  Marine x3  
  33  4:04  SCV  
  34  4:12  Factory Tech Lab  
  34  4:16  Marine  
  35  4:19  Starport  
  35  4:20  SCV  
  35  4:24  Orbital Command  
  36  4:30  Supply Depot  
  36  4:32  SCV  
  36  4:35  Command Center  
  37  4:39  Refinery  
  37  4:40  Marine x3  
  37  4:44  SCV  
  35  4:56  SCV  
  31  5:01  Orbital Command  
  31  5:04  Marine x2  
  31  5:05  Marine  
  34  5:08  SCV  
  34  5:12  Siege Tank  
  38  5:20  SCV  
  39  5:22  Marine x3  
  39  5:25  Starport Reactor  
  42  5:32  SCV  
  42  5:35  SCV  
  44  5:37  Supply Depot  
  44  5:40  Marine x2  
  46  5:44  SCV  
  46  5:46  Barracks  
  46  5:48  Barracks  
  47  5:53  Siege Tank  
  51  5:57  Orbital Command  
  50  6:05  Marine  
  50  6:07  Marine  
  55  6:25  Siege Tank  
  55  6:29  Marine x3  
  55  6:32  Medivac, Refinery  
  60  6:33  Refinery  
  60  6:43  SCV x2  
  60  6:46  Supply Depot, Barracks Tech Lab  
  60  6:47  Supply Depot, Marine x3  
  62  6:50  SCV  
  66  6:55  SCV x2  
  66  6:57  Siege Tank  
  71  7:04  Marine  
  71  7:05  Marine x2  
  71  7:06  Stimpack  
  71  7:07  Combat Shield  
  74  7:16  SCV x2  
  74  7:19  Marauder  
  78  7:23  Orbital Command  
  78  7:25  Barracks Reactor  
  78  7:28  SCV  
  78  7:29  Marine x3  
  82  8:03  Supply Depot  
  82  8:04  Supply Depot  
  82  8:06  SCV x3  
  82  8:07  Marine x3  
  82  8:08  Supply Depot x2, Marine x3  
  91  8:16  Siege Tank  
  91  8:18  SCV x2  
  96  8:25  Marine  
  96  8:37  SCV x3  
  99  8:41  Marine  
  99  8:42  Supply Depot, Marine x4  
  99  8:43  Marine  
  105  8:49  SCV x3  
  108  8:59  Marine  
  108  9:01  SCV x3  
  79  9:13  SCV  
  75  9:20  SCV x2  
  75  9:22  Marine  
  75  9:23  Marine x2, Marauder x2  
  75  9:24  Marine  
  85  9:25  SCV  
  85  9:28  Medivac  
  85  9:29  Medivac  
  90  9:32  SCV x2  
  90  9:35  Command Center  
  90  9:37  SCV  
  93  9:40  Marine  
  93  9:41  Marine x2  
  93  9:44  Marauder x2  
  100  9:47  Engineering Bay  
  100  9:48  SCV x2  
  100  9:50  Engineering Bay  
  100  9:52  Siege Tank  
  105  10:00  Supply Depot  
  105  10:01  SCV x3  
  105  10:05  Marine x2, Marauder  
  105  10:06  Marauder  
  114  10:13  SCV x2  
  116  10:24  Marine  
  116  10:25  Marine x3  
  116  10:27  Marauder x2  
  124  10:42  Marine  
  124  10:43  Marine x3  
  124  10:48  Marauder x2  
  107  10:59  SCV x3  
  107  11:00  Marine  
  107  11:01  Marine x3  
  107  11:02  Planetary Fortress  
  114  11:10  Marauder x2  
  118  11:11  SCV x2  
  118  11:12  SCV  
  118  11:15  Siege Tank  
  118  11:16  Medivac x2  
  118  11:18  Marine x4  
  129  11:21  Command Center  
  129  11:23  SCV x2  
  129  11:24  SCV  
  128  11:31  Marauder x2  
  130  11:36  Marine x4  
  130  11:38  Missile Turret  
  132  11:41  Missile Turret  
  132  11:45  Missile Turret  
  132  11:46  Medivac x2  
  128  11:47  Siege Tank  
  128  11:49  Barracks  
  128  11:52  Marine x2  
  128  11:53  Marine, Barracks  
  122  11:54  Marine x3  
  97  12:10  Marine  
  97  12:11  Marine  
  97  12:12  Marine x3  
  73  12:25  SCV x3  
  73  12:28  Marine  
  71  12:30  Marine  
  50  12:37  SCV x2  
Tags
 
Add a new tag
Caveats
  • Supply blocks, unpowered buildings, or Contaminate may cause inaccurate times.
  • Supply counts are checked every 10 seconds.